 Dungeon Crawl Stone Soup version 0.19-a0-1170-g18f0c96 (webtiles) character file.

4244 hairmachine the Arsonist (level 9, 0/70 HPs)
             Began as a Demigod Fire Elementalist on Aug 16, 2016.
             Slain by a mottled dragon (4 damage)
             ... on level 10 of the Dungeon.
             The game lasted 00:46:43 (13648 turns).

hairmachine the Arsonist (DgFE)                    Turns: 13648, Time: 00:46:43

Health: 0/70       AC:  8    Str: 11    XL:     9   Next: 84%
Magic:  10/19      EV: 14    Int: 23    God:
Gold:   559        SH:  6    Dex: 18    Spells: 5 memorised, 2 levels left

rFire  . . .     SeeInvis .     N - +2 trident (freeze)
rCold  . . .     Gourm    .     a - +1 robe
rNeg   . . .     Faith    .     (no shield)
rPois  .         Spirit   .     x - +0 helmet
rElec  .         Dismiss  .     e - +0 cloak
rCorr  .         Reflect  +     (no gloves)
MR     .....     Harm     .     p - +2 pair of boots
Stlth  +++.......               u - +6 amulet of reflection
                                K - ring of stealth
                                g - ring of wizardry

@: hasted, very quick
A: high mp 1, subdued magic 1
a: no special abilities


You were on level 10 of the Dungeon.
You were not hungry.

You visited 1 branch of the dungeon, and saw 10 of its levels.

You collected 559 gold pieces.

Inventory:

Hand Weapons
 s - a +0 spear
 t - a +2 dagger of venom
 N - a +2 trident of freezing (weapon)
Armour
 a - a +1 robe (worn)
 e - a +0 cloak (worn)
 p - a +2 pair of boots (worn)
 x - a +0 helmet (worn)
 I - a +0 ring mail of fire resistance
 M - a +0 leather armour
Jewellery
 g - a ring of wizardry (left hand)
 l - an uncursed amulet of harm {unknown}
 u - a +6 amulet of reflection (around neck)
 J - an uncursed ring of resist corrosion
 K - a ring of stealth (right hand)
Wands
 v - a wand of lightning (6/15)
 y - a wand of teleportation (3/9)
 G - a wand of paralysis (4/24)
Scrolls
 d - a scroll of enchant weapon
 i - a scroll of fog {unknown}
 m - a scroll of fear
 C - 4 scrolls of remove curse
 E - 2 scrolls of teleportation
 H - a scroll of summoning {unknown}
Potions
 k - a potion of lignification
 n - a potion of brilliance
 z - a potion of berserk rage {unknown}
 D - a potion of magic
Books
 b - a book of Flames

   Spells                             Type                      Level
   a - Flame Tongue                   Conjuration/Fire             1
   b - Throw Flame                    Conjuration/Fire             2
   c - Conjure Flame                  Conjuration/Fire             3
   d - Inner Flame                    Hexes/Fire                   3
   e - Sticky Flame                   Conjuration/Fire             4
   f - Fireball                       Conjuration/Fire             5
 L - a book of Callings

   Spells                             Type                      Level
   a - Summon Small Mammal            Summoning                    1
   b - Call Imp                       Summoning                    2
   c - Call Canine Familiar           Summoning                    3
   d - Summon Guardian Golem          Hexes/Summoning              3
   e - Summon Lightning Spire         Summoning/Air                4
   f - Summon Ice Beast               Ice/Summoning                4
Comestibles
 c - 4 bread rations
 h - 4 meat rations
 j - 3 fruits


   Skills:
 + Level 3.5 Fighting
 + Level 1.8 Polearms
 + Level 3.9 Dodging
 - Level 1.7 Stealth
 - Level 4.7 Spellcasting
 - Level 8.0 Conjurations
 - Level 8.3 Fire Magic


You had 2 spell levels left.
You knew the following spells:

 Your Spells              Type           Power        Failure   Level  Hunger
a - Flame Tongue          Conj/Fire      ####.        1%          1    None
b - Throw Flame           Conj/Fire      ####..       1%          2    None
c - Conjure Flame         Conj/Fire      ####....     1%          3    ##.....
d - Sticky Flame          Conj/Fire      ####....     1%          4    ####...
e - Fireball              Conj/Fire      ####......   4%          5    #####..


Dungeon Overview and Level Annotations

Branches:
Dungeon (10/15)            Temple (0/1) D:7
   Lair: D:8-11         Orc: D:9-12

Shops:
D:6 %

Annotations:
D:8 eragonby's ghost, novice DECj


Innate Abilities, Weirdness & Mutations

You have an increased reservoir of magic. (+10% MP)
Your spells are a little easier to cast, but a little less powerful.


Message History

You are covered in liquid flames!
The mottled dragon bites you. You block the mottled dragon's attack.
The mottled dragon bites you! The mottled dragon closely misses you.
The yak completely misses you.
A yak comes into view.
You are covered in liquid flames!
The mottled dragon closely misses you.
The mottled dragon claws you but does no damage.
You are covered in liquid flames!
The yak bellows!
The mottled dragon bites you!
* * * LOW HITPOINT WARNING * * *
The mottled dragon claws you.
* * * LOW HITPOINT WARNING * * *
A yak comes into view.
You feel yourself speed up.
You are covered in liquid flames!
* * * LOW HITPOINT WARNING * * *
The mottled dragon bites you.
You die...

############
#..........#
#..........#
#.........$#
#.........<#
#.......D@.#
#...!...Y..#
#...!.<....#
#..........#
####.Y####..#
#Y# #... ..Y
%.## .... ..#
... .#


You could see 4 yaks and a mottled dragon.

Vanquished Creatures
  Joseph (D:7)
  Sigmund (D:3)
  A hippogriff (D:8)
  2 hungry ghosts
  Edmund (D:5)
  Menkaure (D:5)
  2 ice beasts
  A black bear (D:9)
  3 necrophages
  An orc warrior (D:7)
  A phantom (D:7)
  4 ogres
  4 centaurs
  3 giant frogs
  5 scorpions
  A howler monkey (D:7)
  A crimson imp (D:9)
  A quasit (D:6)
  4 giant frog skeletons
  9 orc priests
  4 jellies
  4 hounds
  An iguana (D:9)
  Jessica (D:2)
  4 orc wizards
  4 worker ants
  A hound skeleton (D:8)
  A worker ant zombie (D:9)
  Robin (D:3)
  11 adders
  A shadow imp (D:9)
  4 oozes
  5 worms
  2 dart slugs
  6 giant geckos
  36 orcs
  11 bats
  3 giant cockroaches
  10 goblins
  9 hobgoblins
  15 jackals
  8 quokkas
  3 ball pythons
  6 giant newts
  11 kobolds
  9 rats
218 creatures vanquished.

Vanquished Creatures (others)
  A crimson imp (D:8)
1 creature vanquished.

Grand Total: 219 creatures vanquished

Notes
Turn   | Place    | Note
-------+----------+-------------------------------------------
     0 | D:1      | hairmachine the Demigod Fire Elementalist began the quest for the Orb.
     0 | D:1      | Reached XP level 1. HP: 14/14 MP: 5/5
    55 | D:1      | Reached skill level 1 in Conjurations
   396 | D:1      | Reached XP level 2. HP: 20/20 MP: 4/7
   580 | D:1      | Learned a level 2 spell: Throw Flame
  1212 | D:2      | Reached XP level 3. HP: 26/26 MP: 1/8
  1841 | D:2      | Noticed Jessica
  1843 | D:2      | Killed Jessica
  1845 | D:2      | Reached XP level 4. HP: 33/33 MP: 3/9
  1915 | D:2      | Found a shimmering altar of Xom.
  2380 | D:2      | Learned a level 3 spell: Conjure Flame
  2790 | D:3      | Noticed Sigmund
  2828 | D:3      | Noticed Robin
  2968 | D:3      | Noticed a giant frog
  2973 | D:3      | Killed a giant frog
  2973 | D:3      | Reached XP level 5. HP: 31/38 MP: 0/10
  3834 | D:3      | Killed Robin
  4400 | D:3      | Killed Sigmund
  4400 | D:3      | Reached skill level 5 in Conjurations
  4400 | D:3      | Reached XP level 6. HP: 25/45 MP: 11/11
  5274 | D:4      | Reached skill level 5 in Fire Magic
  5422 | D:4      | Reached XP level 7. HP: 50/50 MP: 5/13
  5612 | D:4      | Learned a level 4 spell: Sticky Flame
  5947 | D:4      | Found a glowing golden altar of the Shining One.
  6177 | D:5      | Entered Level 5 of the Dungeon
  6546 | D:5      | Noticed Menkaure
  6548 | D:5      | Killed Menkaure
  7002 | D:5      | Noticed Edmund
  7036 | D:5      | Killed Edmund
  7036 | D:5      | Reached XP level 8. HP: 57/57 MP: 2/16
  7316 | D:5      | Found a burning altar of Makhleb.
  8290 | D:6      | Found Suuffeoreicw's Food Shop.
  9399 | D:6      | Learned a level 5 spell: Fireball
  9601 | D:7      | Noticed Joseph
  9617 | D:7      | Killed Joseph
  9617 | D:7      | Reached skill level 1 in Fighting
  9617 | D:7      | Reached XP level 9. HP: 64/64 MP: 3/19
 10063 | D:7      | Found Ynyeps's Distillery.
 10559 | D:7      | Found a glowing silver altar of Zin.
 10564 | D:7      | Found a staircase to the Ecumenical Temple.
 11508 | D:8      | Noticed eragonby's ghost (novice DECj)
 11943 | D:8      | Gained mutation: Your spells are a little easier to cast, but a little less powerful. [potion of mutation]
 11943 | D:8      | Gained mutation: You can translocate small distances at will. [potion of mutation]
 11943 | D:8      | Gained mutation: Your mind is acute. (Int +2) [potion of mutation]
 11945 | D:8      | HP: 5/102 [ogre/giant spiked club (4)]
 11961 | D:8      | Lost mutation: You can translocate small distances at will. [potion of cure mutation]
 11961 | D:8      | Lost mutation: Your mind is acute. (Int +2) [potion of cure mutation]
 12274 | D:9      | Identified a -3 rod of inaccuracy (14/14) (You found it on level 9 of the Dungeon)
 12708 | D:9      | Reached skill level 1 in Polearms
 13411 | D:9      | Found a hide-covered altar of Uskayaw.
 13637 | D:10     | Entered Level 10 of the Dungeon
 13648 | D:10     | Slain by a mottled dragon

Vault maps used:
D:1:      lightli_arrival_farm
D:2:      xom_teletrap_fun, uniq_jessica
D:3:      uniq_robin, uniq_sigmund
D:4:      nicolae_tso_swordbearing_angel
D:5:      lightli_temple_of_fire, first_bread, uniq_menkaure, uniq_edmund
D:6:      serial_shops, nicolae_shop_waterfront, kennysheep_generic_room_12
D:7:      kennysheep_mini, enter_bailey_2, serial_shops,
          nicolae_shop_temple_entry_statues_fountains,
          kennysheep_generic_room_11, uniq_joseph
D:8:      uniq_maurice
D:9:      lemuel_round_altar
D:10:     uniq_grum

Skill      XL: |  1  2  3  4  5  6  7  8  9 |
---------------+----------------------------+-----
Conjurations   | 2 3 4 5 6 7 8 |  8.0
Fire Magic     | 3 4 5 7 8 |  8.3
Spellcasting   | 2 3 4 |  4.7
Fighting       | 1 3 |  3.5
Dodging        | 2 3 |  3.9
Polearms       | 1 |  1.8
Stealth        | |  1.7

Action                   |  1- 3 |  4- 6 |  7- 9 || total
-------------------------+-------+-------+-------++-------
Melee: Unarmed           |     1 |       |       ||     1
       Spear             |       |    36 |   238 ||   274
       Dagger            |       |    53 |    42 ||    95
       Trident           |       |       |    57 ||    57
Throw: Throwing net      |       |     1 |       ||     1
 Cast: Flame Tongue      |    50 |    95 |   143 ||   288
       Throw Flame       |     7 |    31 |   110 ||   148
       Conjure Flame     |       |     9 |    33 ||    42
       Sticky Flame      |       |       |    23 ||    23
       Fireball          |       |       |     5 ||     5
  Use: Scroll            |     3 |       |     9 ||    12
       Potion            |       |       |    13 ||    13
 Stab: Held in net/web   |       |     3 |       ||     3
       Sleeping          |       |       |     1 ||     1
  Eat: Chunk             |     4 |    15 |    27 ||    46
       Pizza             |       |       |     2 ||     2
       Bread ration      |       |       |     1 ||     1
       Fruit             |       |       |     1 ||     1
       Beef jerky        |       |       |     1 ||     1
Armor: Robe              |    10 |    28 |    34 ||    72
       Leather armour    |       |       |     6 ||     6
       Skin              |       |       |     2 ||     2
Dodge: Dodged            |     6 |    54 |   135 ||   195
Block: Other             |       |       |    31 ||    31
       Reflection        |       |       |     3 ||     3
